 Dungeon Crawl Stone Soup version 0.27.1-2-g3b301248ec (webtiles) character file.

Game seed: 1669687499594909753

6864 Kinoniko the Basher (level 10, -2/85 HPs)
             Began as a Demonspawn Berserker on Oct 1, 2021.
             Was an Elder of Trog.
             Shot with an arrow by a centaur warrior (11 damage)
             ... on level 8 of the Dungeon.
             The game lasted 00:09:53 (9420 turns).

Kinoniko the Basher (Demonspawn Berserker)          Turns: 9420, Time: 00:09:54

Health: -2/85      AC:  8    Str: 21    XL:     10   Next: 78%
Magic:  10/10      EV: 12    Int: 13    God:    Trog [****..]
Gold:   288        SH:  0    Dex: 16    Spells: 9/9 levels left

rFire    . . .     SeeInvis .   s - +1 flail (vorpal)
rCold    + . .     Faith    .   (no shield)
rNeg     . . .     Spirit   .   o - +0 steam dragon scales
rPois    +         Reflect  .   (helmet restricted)
rElec    .         Harm     .   h - +0 cloak of the Shore {+Inv rC+}
rCorr    .         Rampage  .   d - +0 pair of gloves
Will     +....                  c - +0 pair of boots
Stlth    +.........             y - amulet of Vitality {Regen+ HP+15}
HPRegen  1.24/turn              l - ring of willpower
MPRegen  0.12/turn              t - ring of Vibosaol {rPois Dex+4}

@: on berserk cooldown, slowed, very slow
A: antennae 1, demonic guardian 2, powered by death 2, big brain 2
a: Renounce Religion, Evoke Invisibility, Berserk, Trog's Hand, Brothers in Arms


You were on level 8 of the Dungeon.
You worshipped Trog.
Trog was greatly pleased with you.
You visited 1 branch of the dungeon, and saw 8 of its levels.

You collected 1078 gold pieces.
You spent 790 gold pieces at shops.

Inventory:

Hand Weapons
 a - a +0 mace
 s - a +1 vorpal flail (weapon)
 z - a +0 dire flail
Armour
 c - a +0 pair of boots (worn)
 d - a +0 pair of gloves (worn)
 e - a +0 leather armour
 h - the +0 cloak of the Shore (worn) {+Inv rC+}
   (You acquired it on level 4 of the Dungeon)

   rC:        It protects you from cold.
   +Inv:      It lets you turn invisible.
 o - +0 steam dragon scales (worn)
 p - a +0 ring mail
 x - a +0 chain mail
Jewellery
 l - a ring of willpower (left hand)
 t - the ring of Vibosaol (right hand) {rPois Dex+4}
   (You acquired it on level 4 of the Dungeon)

   [ring of poison resistance]

   Dex:       It affects your dexterity (+4).
   rPois:     It protects you from poison.
 y - the amulet of Vitality (around neck) {Regen+ HP+15}
   (You bought it in a shop on level 1 of the Dungeon)

   [amulet of regeneration]

   HP:        It affects your health (+15).
   Regen:     It increases your rate of health regeneration.
Wands
 w - a wand of polymorph (5)
Scrolls
 f - a scroll of immolation
 j - a scroll of noise
 r - 4 scrolls of fog
 v - a scroll of enchant weapon
 A - a scroll of enchant armour
 E - 4 scrolls of identify
Potions
 b - 2 potions of mutation {unknown}
 g - 3 potions of curing
 i - a potion of might {unknown}
 k - a potion of resistance {unknown}
 m - 3 potions of magic
 q - 3 potions of brilliance {unknown}
 u - a potion of invisibility {unknown}
 B - a potion of haste
 C - 3 potions of attraction {unknown}
 D - a potion of flight {unknown}


   Skills:
 - Level 3.0 Fighting
 * Level 14.7 Maces & Flails
 - Level 1.7 Armour
 - Level 1.7 Dodging


You had 9 spell levels left.
You didn't know any spells.
Your spell library contained the following spells:

 Spells                   Type           Power      Damage    Failure   Level
 Animate Skeleton         Necr           0%         N/A       30%         1
 Pain                     Necr           0%         1d4       30%         1
 Slow                     Hex            0%         N/A       43%         2
 Confusing Touch          Hex            0%         N/A       67%         3
 Tukima's Dance           Hex            0%         N/A       67%         3
 Vampiric Draining        Necr           0%         2d6       67%         3
 Passage of Golubria      Tloc           N/A        N/A       97%         4
 Yara's Violent Unravell  Hex/Tmut       0%         3d3       100%        5


Dungeon Overview and Level Annotations

Branches:
Dungeon (8/15)             Temple (0/1) D:6
   Lair: D:8-11

Altars:
Ashenzari
Dithmenos
Elyvilon
Hepliaklqana
Sif Muna
Wu Jian

Shops:
D:1 =   D:6 =   D:7 *


Innate Abilities, Weirdness & Mutations

You have a pair of small antennae on your head.
A demonic guardian rushes to your aid.
You regenerate health from kills.
You have an extremely huge brain. (Int +4)


Message History

The two-headed ogre hits you with a +0 giant club!
* * * LOW HITPOINT WARNING * * *
A demonic guardian appears!
The two-headed ogre closely misses you.
Unknown command.
Unknown command.
The centaur warrior wields a +0 shortbow.
The centaur warrior shoots an arrow.
The arrow hits you!
* * * LOW HITPOINT WARNING * * *
Unknown command.
You swap places.
You feel a strong urge to attack something.
The centaur warrior shoots an arrow.
The arrow hits your orange demon!!
Your orange demon stings the centaur warrior from afar.
Unknown command.
You are too berserk!
You are too berserk!
A centaur warrior is nearby!
Your orange demon stings the centaur warrior!
The centaur warrior looks as sick as possible!
Your orange demon poisons the centaur warrior!
Your orange demon hits the centaur warrior but does no damage.
You are too berserk!
You feel your anger nearly subside.
You are no longer berserk.
You are exhausted.
You feel yourself slow down.
The centaur warrior unwields a +0 shortbow.
The centaur warrior hits your orange demon.
The centaur warrior completely misses your orange demon.
Okay, then.
Blink to where?
Press: ? - help, Dir - move target
As you read the scroll of blinking, it crumbles to dust.
Okay, then.
The centaur warrior wields a +0 shortbow.
The centaur warrior shoots an arrow.
The arrow hits your orange demon!!
Your orange demon dies!
You feel better.
The centaur warrior shoots an arrow.
The arrow hits you!
* * * LOW HITPOINT WARNING * * *
The centaur warrior shoots an arrow.
The arrow hits you!
You die...

...#####.# #.......... ...# #.#
#.......... ...#####.#
########### ...'.....#
...############################
♣♣.###..#((!#.....#.....#..)..#
.♣.'....#.:.#..c..#..)..#(....#
.♣.####.#$O$#..#..#..#).#..#..#
........#c###..#@.#..#..#..#..#
........#......#.....#.....#..#
........#..c...#.....#.....#..#
......#.####################..#
......#....................(..#
####..........................#
..##....####################^.#
#.##....#......#.....#.....#.†#
........#......#.....#.....#.)#


You could see a centaur warrior (very poisoned).

Vanquished Creatures
  A boulder beetle (D:8)
  Erica (D:8)
  A two-headed ogre (D:8)
  An ugly thing (D:7)
  A hornet (D:8)
  Sigmund (D:5)
  A wraith (D:8)
  6 yaks (D:8)
  Eustachio (D:5)
  4 steam dragons
  Menkaure (D:5)
  An acid dragon (D:6)
  3 orc warriors
  4 centaurs
  A phantom (D:6)
  3 kobold brigands
  3 bullfrogs
  A wyvern zombie (D:8)
  A gnoll sergeant (D:6)
  2 scorpions
  5 wights (D:7)
  2 centaur zombies
  A jelly (D:5)
  A gnoll shaman (D:8)
  2 bullfrog skeletons
  A hound (D:6)
  4 iguanas
  3 orc wizards
  A killer bee zombie (D:7)
  A mummy (D:7)
  A howler monkey zombie (D:7)
  8 gnolls
  6 adders
  2 shadow imps
  An ufetubus (D:6)
  2 worms (D:3)
  A dart slug (D:1)
  17 orcs
  7 ball pythons
  3 bats
  3 endoplasms
  2 giant cockroaches (D:1)
  5 goblins
  9 hobgoblins
  7 quokkas
  3 frilled lizards (D:1)
  A hobgoblin zombie (D:7)
  15 kobolds
  2 orc zombies (D:7)
  6 rats
160 creatures vanquished.

Vanquished Creatures (collateral kills)
  A steam dragon (D:8)
  A gnoll sergeant (D:8)
  A killer bee (D:8)
  A howler monkey zombie (D:8)
  A shadow imp (D:8)
  A kobold (D:7)
6 creatures vanquished.

Vanquished Creatures (others)
  15 plants (D:7)
15 creatures vanquished.

Grand Total: 181 creatures vanquished

Notes
Turn   | Place    | Note
-------+----------+-------------------------------------------
     0 | D:1      | Kinoniko the Demonspawn Berserker began the quest for the
                  | Orb.
     0 | D:1      | Reached XP level 1. HP: 18/18 MP: 1/1
     2 | D:1      | Noticed a draconian
     2 | D:1      | Noticed a merfolk
     4 | D:1      | Noticed a djinni
     4 | D:1      | Noticed an ogre
     6 | D:1      | Noticed a dwarf
     6 | D:1      | Noticed a vampire
     8 | D:1      | Noticed a naga
    10 | D:1      | Noticed a ghoul
    10 | D:1      | Noticed a human
    12 | D:1      | Noticed a demigod
    14 | D:1      | Noticed a tengu
    14 | D:1      | Noticed a gargoyle
    16 | D:1      | Noticed an octopode
    16 | D:1      | Noticed a palentonga
    18 | D:1      | Noticed a spriggan
    18 | D:1      | Noticed an elf
    20 | D:1      | Noticed a troll
    20 | D:1      | Noticed a minotaur
    22 | D:1      | Noticed a barachi
    24 | D:1      | Noticed a formicid
    24 | D:1      | Noticed a vine stalker
    26 | D:1      | Noticed a demonspawn
    26 | D:1      | Noticed a felid
   140 | D:1      | Found a faded altar of an unknown god.
   187 | D:1      | Reached skill level 3 in Maces & Flails
   450 | D:1      | Gained mutation: A weak demonic guardian rushes to your
                  | aid. [demonic ancestry]
   450 | D:1      | Reached XP level 2. HP: 24/24 MP: 2/2
   925 | D:1      | Found Cebaofap's Jewellery Emporium.
  1032 | D:1      | Reached XP level 3. HP: 25/29 MP: 3/3
  1279 | D:2      | Reached skill level 4 in Maces & Flails
  1411 | D:2      | Reached ** piety under Trog
  1959 | D:2      | Gained mutation: You have a pair of small antennae on your
                  | head. [demonic ancestry]
  1959 | D:2      | Reached XP level 4. HP: 22/35 MP: 4/4
  3418 | D:4      | Reached skill level 5 in Maces & Flails
  3653 | D:4      | Identified a scroll of acquirement
  3653 | D:4      | Acquired the +0 cloak of the Shore {+Inv rC+}
  3847 | D:4      | Gained mutation: You regenerate a little health from kills.
                  | [demonic ancestry]
  3847 | D:4      | Reached XP level 5. HP: 20/41 MP: 5/5
  4184 | D:4      | Noticed a shadow
  4185 | D:4      | Found a shadowy altar of Dithmenos.
  4186 | D:4      | Found a hazy altar of Hepliaklqana.
  4493 | D:4      | Acquired the ring of Vibosaol {rPois Dex+4}
  4690 | D:5      | Entered Level 5 of the Dungeon
  4712 | D:5      | Noticed a centaur
  4713 | D:5      | Noticed Eustachio
  4720 | D:5      | Killed a centaur
  4728 | D:5      | Killed Eustachio
  4729 | D:5      | Reached skill level 6 in Maces & Flails
  4729 | D:5      | Reached XP level 6. HP: 6/47 MP: 6/6
  5299 | D:5      | Reached skill level 7 in Maces & Flails
  5458 | D:5      | Noticed Menkaure
  5466 | D:5      | Killed Menkaure
  5467 | D:5      | Gained mutation: You regenerate health from kills. [demonic
                  | ancestry]
  5467 | D:5      | Reached XP level 7. HP: 52/52 MP: 7/7
  5783 | D:5      | Noticed Sigmund
  5795 | D:5      | Killed Sigmund
  5796 | D:5      | Reached skill level 8 in Maces & Flails
  6317 | D:6      | Found a shimmering blue altar of Sif Muna.
  6343 | D:6      | Acquired 779 gold pieces
  6345 | D:6      | Found a staircase to the Ecumenical Temple.
  6456 | D:1      | Bought the amulet of Vitality {Regen+ HP+15} for 790 gold
                  | pieces
  6456 | D:1      | Found the amulet of Vitality {Regen+ HP+15}
  6593 | D:6      | Found Nongofac's Jewellery Emporium.
  6652 | D:6      | Reached *** piety under Trog
  6659 | D:6      | Reached skill level 9 in Maces & Flails
  6659 | D:6      | Gained mutation: You have an unusually large brain. (Int
                  | +2) [demonic ancestry]
  6659 | D:6      | Reached XP level 8. HP: 58/58 MP: 8/8
  6694 | D:6      | Found a broken altar of Ashenzari.
  7209 | D:7      | Reached skill level 10 in Maces & Flails
  7331 | D:7      | Noticed a green ugly thing
  7351 | D:7      | Killed a green ugly thing
  7357 | D:7      | Reached skill level 11 in Maces & Flails
  7368 | D:7      | Gained mutation: A demonic guardian rushes to your aid.
                  | [demonic ancestry]
  7368 | D:7      | Reached XP level 9. HP: 61/61 MP: 9/9
  7371 | D:7      | Found Atuek's General Store.
  7609 | D:7      | Found an ornate altar of the Wu Jian Council.
  8121 | D:7      | Reached **** piety under Trog
  8379 | D:8      | Noticed Erica
  8397 | D:8      | Killed Erica
  8398 | D:8      | Reached skill level 12 in Maces & Flails
  8834 | D:8      | Reached skill level 13 in Maces & Flails
  8845 | D:8      | Gained mutation: You have an extremely huge brain. (Int +4)
                  | [demonic ancestry]
  8845 | D:8      | Reached XP level 10. HP: 70/70 MP: 10/10
  9220 | D:8      | Noticed a boulder beetle
  9220 | D:8      | Noticed a two-headed ogre
  9236 | D:8      | Killed a two-headed ogre
  9237 | D:8      | Reached skill level 14 in Maces & Flails
  9250 | D:8      | Killed a boulder beetle
  9403 | D:8      | Noticed a centaur warrior
  9403 | D:8      | Noticed a two-headed ogre
  9412 | D:8      | HP: 6/127 [centaur warrior/arrow (16)]
  9420 | D:8      | Shot with an arrow by a centaur warrior

Illustrated notes

Levels and vault maps discovered:
D:1:      kb_arrival_jail, layout_loops_ring, chequers_ecumenical_altar_simple,
          serial_shops, nicolae_shop_competitors_out_of_business
D:2:      layout_basic, serial_corexii_hall, corexii_hall_statues_i,
          corexii_hall_statues_x
D:3:      layout_rooms, serial_rivers, chequers_serial_rivers_large_b,
          chequers_serial_rivers_micro_b, chequers_serial_rivers_micro_c,
          chequers_serial_rivers_room_a, chequers_serial_rivers_micro_c
D:4:      layout_layer_cave, riverfiend_overflow_shadow_ancestor
D:5:      layout_loops_ring, kennysheep_cross_room, uniq_menkaure, uniq_sigmund,
          uniq_eustachio
D:6:      layout_cave_pools, nicolae_sif_muna_condensation, kennysheep_mini,
          minmay_temple_entry_trees, serial_shops, nicolae_shop_trees
D:7:      layout_loops_ring, mainiacjoe_overflow_alcove_2,
          nicolae_elyvilon_temple_path, serial_shops, kennysheep_mini_moat,
          minmay_mini_ossuary
D:8:      kennysheep_windowed_halls, layout_basic, mainiacjoe_overflow_alcove_4,
          uniq_erica

Skill      XL: |  1  2  3  4  5  6  7  8  9 10 |
---------------+-------------------------------+-----
Maces & Flails | 3 4 5 6 7 9 11 13 14 | 14.7
Fighting       | |  3.0
Armour         | |  1.7
Dodging        | |  1.7

Action                   |  1- 3 |  4- 6 |  7- 9 | 10-12 || total
-------------------------+-------+-------+-------+-------++-------
Melee: Mace              |   125 |    44 |       |       ||   169
       Flail             |       |    82 |   291 |   148 ||   521
Invok: Berserk           |     1 |     5 |     6 |     3 ||    15
       Brothers in Arms  |       |       |       |     1 ||     1
  Use: Scroll            |       |     9 |     7 |     1 ||    17
       Potion            |       |       |       |     1 ||     1
Armor: Leather armour    |    31 |     1 |       |       ||    32
       Ring mail         |       |    43 |     1 |       ||    44
       Chain mail        |       |       |    54 |       ||    54
       Steam dragon scal |       |       |    70 |    39 ||   109
Dodge: Dodged            |    95 |    79 |   140 |    58 ||   372
